 Dungeon Crawl Stone Soup version 0.28.0-62-gf88900778d (webtiles) character file.

Game seed: 14656066890710187573

41914 infinitevox the Fighter (level 13, -33/103 HPs)
             Began as a Demonspawn Wanderer on Apr 14, 2023.
             Was an Initiate of Gozag.
             Killed from afar by Jorgrun (35 damage)
             ... with a blast of rock fragments
             ... on level 12 of the Dungeon.
             The game lasted 01:35:39 (19380 turns).

infinitevox the Fighter (Demonspawn Wanderer)      Turns: 19380, Time: 01:35:41

Health: -33/103    AC: 19    Str: 16    XL:     13   Next: 82%
Magic:  20/20      EV: 21    Int: 13    God:    Gozag
Gold:   628        SH: 14    Dex: 28    Spells: 15/22 levels left

rFire   . . .      SeeInvis +   a - +6 demon trident
rCold   . . .      Faith    .   S - +0 kite shield
rNeg    . . .      Spirit   .   o - +3 ring mail "Zusaw" {Str+2 Dex+8 Stlth+}
rPois   .          Reflect  .   t - +2 helmet
rElec   .          Harm     .   R - +1 cloak {Will+}
rCorr   .          Rampage  .   B - +1 pair of gloves of Fun {Dex+3}
Will    +....                   r - +2 pair of boots
Stlth   ++++......              q - amulet of magic regeneration
HPRegen 0.27/turn               x - +4 ring of evasion
MPRegen 0.57/turn               z - ring of see invisible

@: no status effects
A: foul stench 3, sharp scales 1, weakness stinger 1, deformed body
a: Renounce Religion, Potion Petition, Call Merchant, Bribe Branch


You were on level 12 of the Dungeon.
You worshipped Gozag.
Gozag was pleased with you.
You visited 2 branches of the dungeon, and saw 17 of its levels.
You also visited: Sewer and Ossuary.

You collected 4454 gold pieces.
You spent 2365 gold pieces at shops.
You paid 1461 gold pieces to Gozag.

Inventory:

Hand Weapons
 a - a +6 demon trident (weapon)
 j - the +7 hunting sling of Expedience {speed, rElec rN+}
   (You found it on level 2 of the Dungeon)

   Attacks with this weapon are significantly faster.
   rElec:     It insulates you from electricity.
   rN:        It protects you from negative energy.
Missiles
 m - 4 curare-tipped darts
 n - 311 stones
 u - 19 sling bullets
 D - 3 poisoned darts
Armour
 b - a +1 leather armour of cold resistance
 e - a +0 leather armour of fire resistance
 o - the +3 ring mail "Zusaw" (worn) {Str+2 Dex+8 Stlth+}
   (You bought it in a shop on level 5 of the Lair of Beasts)

   Str:       It affects your strength (+2).
   Dex:       It affects your dexterity (+8).
   Stlth:     It makes you more stealthy.
 p - the +3 troll leather armour of Imperfection {Regen+ Stlth+}
   (You bought it in a shop on level 5 of the Dungeon)

   Regen:     It increases your rate of health regeneration.
   Stlth:     It makes you more stealthy.
 r - a +2 pair of boots (worn)
 t - a +2 helmet (worn)
 B - the +1 pair of gloves of Fun (worn) {Dex+3}
   (You bought it in a shop on level 5 of the Lair of Beasts)

   Dex:       It affects your dexterity (+3).
 P - the +11 chain mail "Jeptyzan" {Harm Regen+ Dex+7 Stlth-}
   (You took it off an orc on level 11 of the Dungeon)

   Dex:       It affects your dexterity (+7).
   Regen:     It increases your rate of health regeneration.
   Harm:      It increases damage dealt and taken.
   Stlth:     It makes you less stealthy.
 R - a +1 cloak of willpower (worn)
 S - a +0 kite shield (worn)
Magical Staves
 h - a staff of air
Jewellery
 q - an amulet of magic regeneration (around neck)
 x - a +4 ring of evasion (left hand)
 z - a ring of see invisible (right hand)
 G - a ring of wizardry
 I - a ring of poison resistance
 N - a ring of magical power
Wands
 v - a wand of polymorph (10)
 w - a wand of iceblast (14)
 H - a wand of flame (7)
Scrolls
 d - 2 scrolls of fog
 g - 3 scrolls of immolation
 y - 9 scrolls of teleportation
 J - 3 scrolls of amnesia
 L - 9 scrolls of identify
 M - 2 scrolls of blinking
Potions
 f - 2 potions of cancellation
 i - 4 potions of ambrosia
 s - 2 potions of magic
 C - a potion of heal wounds
 E - 7 potions of curing
 K - 5 potions of flight
Miscellaneous
 A - a condenser vane


   Skills:
 + Level 10.1 Fighting
 - Level 8.0 Polearms
 - Level 5.9(6.0) Slings
 - Level 1.0(3.8) Throwing
 * Level 7.0 Armour
 - Level 8.0 Dodging
 - Level 4.5 Stealth
 - Level 10.0 Shields
 - Level 5.0 Spellcasting
 - Level 6.5 Conjurations
 - Level 8.0 Evocations


You had 15 spell levels left.
You knew the following spells:

 Your Spells              Type           Power      Damage    Failure   Level
a - Lightning Bolt        Conj/Air       5%         1d17      99%         5
b - Blink                 Tloc           6%         N/A       73%         2

Your spell library contained the following spells:

 Spells                   Type           Power      Damage    Failure   Level
 Static Discharge         Conj/Air       11%        N/A       28%         2
 Animate Skeleton         Necr           6%         N/A       58%         1
 Apportation              Tloc           6%         N/A       58%         1
 Beastly Appendage        Tmut           6%         N/A       58%         1
 Pain                     Necr           12%        1d4       58%         1
 Summon Small Mammal      Summ           12%        N/A       58%         1
 Wereblood                Tmut           3%         N/A       73%         2
 Call Canine Familiar     Summ           3%         N/A       91%         3
 Gell's Gravitas          Tloc           3%         N/A       91%         3
 Lesser Beckoning         Tloc           3%         N/A       91%         3
 Ozocubu's Armour         Ice            3%         N/A       91%         3
 Spider Form              Tmut/Pois      3%         N/A       91%         3
 Summon Guardian Golem    Hex/Summ       3%         N/A       91%         3
 Teleport Other           Tloc           3%         N/A       91%         3
 Vampiric Draining        Necr           3%         2d6       91%         3
 Alistair's Intoxication  Tmut/Pois      2%         N/A       100%        5
 Freezing Cloud           Conj/Ice/Air   4%         6-21      100%        5
 Manifold Assault         Tloc           3%         N/A       100%        5
 Dispersal                Tloc           1%         N/A       100%        6
 Orb of Destruction       Conj           10%        9d6       100%        7
 Ozocubu's Refrigeration  Ice            1%         4d5       100%        7
 Spellforged Servitor     Conj/Summ      5%         N/A       100%        7
 Disjunction              Tloc           1%         N/A       100%        8
 Maxwell's Capacitive Co  Air            1%         ∞         100%        8


Dungeon Overview and Level Annotations

Branches:
Dungeon (12/15)            Temple (0/1) D:7            Lair (5/6) D:8
  Swamp (0/4) Lair:2        Snake (0/4) Lair:4        Slime (0/5) Lair:5
    Orc (0/2) D:11          Sewer (visited)         Ossuary (visited)

Altars:
Dithmenos
Elyvilon
Fedhas
Gozag
Kikubaaqudgha
Makhleb
Okawaru
Qazlal
Trog
Uskayaw
Wu Jian
Xom
Zin

Shops:
D:5 *   D:6 *   D:9 *   Lair:4 =   Lair:5 [

Annotations:
D:12 Jorgrun


Innate Abilities, Weirdness & Mutations

You frequently emit foul miasma when damaged in melee.
You are partially covered in razor-sharp scales. (AC +1, Slay +1)
You have a small tail.
Armour fits poorly on your strangely shaped body.


Message History

You shoot a stone. The stone hits Jorgrun.
Jorgrun is severely wounded.
Fire: 313 stones
Press: ? - help, Q - select action, (/) - cycle Shift-Dir - straight line, f/p - Jorgrun
Aim: Jorgrun, wielding a staff of earth and wearing a +0 robe (severely wounded, 67% to hit)
You shoot a stone. The stone hits Jorgrun.
Jorgrun is severely wounded.
Jorgrun casts a spell at you.
You easily resist.
The grasping roots constrict you!
Fire: 312 stones
Press: ? - help, Q - select action, (/) - cycle Shift-Dir - straight line, f/p - Jorgrun
Aim: Jorgrun, wielding a staff of earth and wearing a +0 robe (severely wounded, 67% to hit)
You shoot a stone. The stone completely misses Jorgrun.
The grasping roots constrict you!
* * * LOW HITPOINT WARNING * * *
[a] - 368 gold - heal wounds, curing and magic [b] - 240 gold - haste [c] - 176 gold - heal wounds and curing Purchase which effect?
You feel much better.
You feel better. The grasping roots constrict you!
a - a +6 demon trident (weapon)
You miss Jorgrun.
Your tail-slap misses Jorgrun.
Jorgrun is severely wounded.
Jorgrun says, "May tha earth consume ye!"
Jorgrun hits you with a staff of earth. The grasping roots constrict you!
You puncture Jorgrun! You tail-slap Jorgrun.
Jorgrun is almost dead.
Jorgrun casts a spell next to you.
The wall shatters!
The blast of rock fragments hits you!!
* * * LOW HITPOINT WARNING * * *
The grasping roots constrict you.
* * * LOW HITPOINT WARNING * * *
The grasping roots release their grip on you.
Blink to where?
Press: ? - help, Dir - move target, p - Jorgrun
As you read the scroll of blinking, it crumbles to dust.
Jorgrun points next to you and mumbles some strange words.
The wall shatters!
The blast of rock fragments hits you!!
You die...
Your body crumbles into a pile of gold.

........# #.# #..# #.. .....)..#
#.#####..## #.. ........#
#.........+ ... #.. ........#
#........## .. #[. ........#
#........# ...#..
........#####........#######..#)#
...####....................#..#.#
...#..###+ #..........8...8.8##.#
...#...... #....@...............#
..... #....######8.........# ....
#....#...............# .. ...
#....#...........8...#
...####.####....#...............#
................######8....[8...#
........(((.(.g§................#
####((.'........###..............
(.((.....#....#...#..............


You could see Jorgrun.

Vanquished Creatures
  Frances (D:12)
  Josephine (D:12)
  The ghost of unlimited1921 the Thaumaturge, a journeyman DjFE of Qazlal (D:11)
  3 boulder beetles
  5 hydras
  3 two-headed ogres
  3 death yaks (Lair:4)
  Urug (Lair:1)
  2 oklob plants
  2 manticores (D:11)
  A cyclops (D:12)
  4 black mambas
  A torpor snail (Lair:4)
  A gargoyle (D:10)
  13 cane toads
  Maggie (D:10)
  An unseen horror (D:11)
  2 kobold demonologists (D:10)
  3 komodo dragons
  A troll (D:10)
  2 slime creatures (Lair:5)
  8 blink frogs
  Sigmund (D:3)
  A vampire (D:10)
  A centaur simulacrum (D:10)
  7 wraiths
  A wyvern (Lair:5)
  31 yaks
  4 basilisks
  3 vampire mosquitoes (D:12)
  7 nagas (Lair:4)
  Duvessa (D:5)
  An acid dragon (D:7)
  13 water moccasins
  4 orc warriors
  A swamp drake (Lair:2)
  A sky beast (D:6)
  2 black bears
  An ogre (D:7)
  A necrophage (D:5)
  5 wolves (Lair:5)
  16 centaurs
  11 kobold brigands
  15 bullfrogs
  2 gnoll sergeants
  6 scorpions
  Dowan (D:5)
  10 killer bees
  10 wights
  5 centaur zombies
  3 hounds
  2 bullfrog skeletons
  An orc priest (D:3)
  3 jellies
  A centaur skeleton (D:7)
  Jessica (D:2)
  3 iguanas
  A scorpion zombie (D:5)
  12 orc wizards
  2 killer bee zombies
  2 hound zombies (Ossuary)
  4 mummies (Ossuary)
  Robin (D:3)
  4 howler monkey zombies
  10 gnolls
  6 adders
  2 river rats (Sewer)
  2 shadow imps
  A white imp (D:5)
  An adder skeleton (D:4)
  4 dart slugs
  8 worms
  19 orcs
  3 bats
  10 endoplasms
  4 giant cockroaches
  5 hobgoblins
  3 jackals (D:2)
  6 quokkas
  12 ball pythons
  9 frilled lizards
  3 gnoll zombies (Ossuary)
  11 goblins
  A goblin zombie (Ossuary)
  A jackal zombie (Ossuary)
  27 kobolds
  A kobold zombie (Ossuary)
  3 orc zombies (Ossuary)
  8 rats
  A rat zombie (Ossuary)
423 creatures vanquished.

Vanquished Creatures (collateral kills)
  3 death yaks (Lair:4)
  6 dream sheep (Lair:5)
9 creatures vanquished.

Vanquished Creatures (others)
  17 fungi
  18 plants
35 creatures vanquished.

Grand Total: 467 creatures vanquished

Notes
Turn   | Place    | Note
-------+----------+-------------------------------------------
     0 | D:1      | infinitevox the Demonspawn Wanderer began the quest for the
                  | Orb.
     0 | D:1      | infinitevox set off with the following items: a +0 dagger,
                  | 2 atropa-tipped darts, 2 datura-tipped darts, a +0 spear,
                  | 12 poisoned darts, a +0 dagger, a +0 robe
     0 | D:1      | Reached XP level 1. HP: 15/15 MP: 2/2
   178 | D:1      | Gained mutation: You have a small tail. [demonic ancestry]
   178 | D:1      | Reached XP level 2. HP: 19/21 MP: 3/3
   278 | D:1      | Found a faded altar of an unknown god.
   281 | D:1      | Prayed at the altar of an unknown god.
   281 | D:1      | Became a worshipper of Gozag Ym Sagoz the Greedy
   740 | D:2      | Reached XP level 3. HP: 13/27 MP: 4/4
  1588 | D:2      | Identified the +7 hunting sling of Expedience {speed, rElec
                  | rN+}
  2271 | D:2      | Reached XP level 4. HP: 10/33 MP: 5/5
  2662 | D:2      | Noticed Jessica
  2665 | D:2      | Killed Jessica
  3034 | D:3      | Noticed Sigmund
  3041 | D:3      | Killed Sigmund
  3042 | D:3      | Reached skill level 1 in Dodging
  3042 | D:3      | Gained mutation: You may rarely emit foul miasma when
                  | damaged in melee. [demonic ancestry]
  3042 | D:3      | Reached XP level 5. HP: 37/39 MP: 6/6
  3059 | D:3      | Gained mutation: You are partially covered in razor-sharp
                  | scales. (AC +1, Slay +1) [demonic ancestry]
  3059 | D:3      | Reached XP level 6. HP: 46/46 MP: 7/7
  3059 | D:3      | Found a glowing drain.
  3086 | Sewer    | Entered a sewer
  3360 | Sewer    | Reached skill level 5 in Polearms
  3846 | Sewer    | Gained mutation: You sometimes emit foul miasma when
                  | damaged in melee. [demonic ancestry]
  3846 | Sewer    | Reached XP level 7. HP: 29/54 MP: 8/8
  4580 | D:3      | Noticed Robin
  4592 | D:3      | Killed Robin
  4727 | D:3      | Found a bloodstained altar of Trog.
  4727 | D:3      | Found a shimmering altar of Xom.
  4734 | D:3      | Found a hide-covered altar of Uskayaw.
  4737 | D:3      | Found an iron altar of Okawaru.
  4997 | D:4      | Reached skill level 5 in Fighting
  5255 | D:4      | Found a shadowy altar of Dithmenos.
  5255 | D:4      | Found a burning altar of Makhleb.
  5436 | D:5      | Entered Level 5 of the Dungeon
  5775 | D:5      | Noticed a two-headed ogre
  5789 | D:5      | Killed a two-headed ogre
  5790 | D:5      | Reached XP level 8. HP: 67/67 MP: 9/9
  5852 | D:5      | Found Apneuw's Assorted Antiques.
  5858 | D:5      | Noticed Dowan
  5865 | D:5      | Killed Dowan
  5866 | D:5      | Reached skill level 5 in Dodging
  5867 | D:5      | Noticed Duvessa
  5899 | D:5      | Killed Duvessa
  6085 | D:5      | Bought a scroll labelled ABAVVU PANI for 24 gold pieces
  6085 | D:5      | Bought a masterwork troll leather armour for 480 gold
                  | pieces
  6085 | D:5      | Identified the +3 troll leather armour of Imperfection
                  | {Regen+ Stlth+} (You bought it in a shop on level 5 of the
                  | Dungeon)
  6085 | D:5      | Bought a scroll of identify for 48 gold pieces
  6085 | D:5      | Bought a scroll of identify for 48 gold pieces
  6208 | D:5      | Learned a level 5 spell: Lightning Bolt
  6724 | D:6      | Reached XP level 9. HP: 74/74 MP: 10/10
  6757 | D:6      | Found a sand-covered staircase.
  6762 | Ossuary  | Entered an ossuary
  7246 | D:6      | Found Wianodus's Assorted Antiques.
  7309 | D:6      | Bought a scroll labelled HULOSI MEKAUPH for 28 gold pieces
  7309 | D:6      | Bought a scroll of identify for 56 gold pieces
  7309 | D:6      | Bought a brown potion for 25 gold pieces
  7309 | D:6      | Bought a curved copper wand for 112 gold pieces
  7309 | D:6      | Bought a potion of curing for 84 gold pieces
  7975 | D:6      | Reached skill level 1 in Slings
  8178 | D:7      | Found an ancient bone altar of Kikubaaqudgha.
  8306 | D:7      | Reached skill level 1 in Conjurations
  8529 | D:7      | Found a staircase to the Ecumenical Temple.
  9181 | D:8      | Reached XP level 10. HP: 80/80 MP: 11/11
  9308 | D:8      | Found a staircase to the Lair.
  9741 | D:9      | Reached skill level 5 in Armour
  9934 | D:9      | Noticed a two-headed ogre
  9950 | D:9      | Killed a two-headed ogre
 10020 | D:9      | Reached skill level 5 in Conjurations
 10121 | D:9      | Reached skill level 5 in Slings
 10512 | D:9      | Found Jim Roni's General Store.
 10517 | D:9      | Bought a +1 trident of freezing for 199 gold pieces
 10517 | D:9      | Bought a +0 cloak of willpower for 172 gold pieces
 10517 | D:9      | Bought a +0 kite shield for 67 gold pieces
 10586 | D:10     | Entered Level 10 of the Dungeon
 10633 | D:10     | Found an ornate altar of the Wu Jian Council.
 10653 | D:10     | Noticed Maggie
 10664 | D:10     | Killed Maggie
 10848 | D:10     | Noticed a gargoyle
 10856 | D:10     | Killed a gargoyle
 11147 | D:10     | Reached XP level 11. HP: 86/86 MP: 18/18
 11206 | D:10     | Reached skill level 5 in Spellcasting
 11318 | Lair:1   | Entered Level 1 of the Lair of Beasts
 11805 | Lair:1   | Noticed Urug
 11828 | Lair:1   | Killed Urug
 12457 | Lair:2   | Reached skill level 1 in Evocations
 12468 | Lair:2   | Noticed a seven-headed hydra
 12479 | Lair:2   | Killed a seven-headed hydra
 13133 | Lair:2   | Found a staircase to the Swamp.
 13363 | Lair:3   | Reached skill level 1 in Shields
 13385 | Lair:3   | Reached XP level 12. HP: 95/95 MP: 19/19
 13385 | Lair:3   | Noticed a four-headed hydra
 13415 | Lair:3   | Killed a four-headed hydra
 13456 | Lair:3   | Noticed a five-headed hydra
 13538 | Lair:3   | Killed a five-headed hydra
 13706 | Lair:3   | Reached skill level 5 in Evocations
 14224 | Lair:4   | Noticed a boulder beetle
 14252 | Lair:4   | Bought a +4 ring of evasion for 504 gold pieces
 14367 | Lair:4   | Killed a boulder beetle
 14901 | Lair:4   | Reached skill level 5 in Shields
 15106 | Lair:4   | Noticed a death yak
 15107 | Lair:4   | Noticed a death yak
 15107 | Lair:4   | Noticed a death yak
 15108 | Lair:4   | Noticed a death yak
 15110 | Lair:4   | Noticed a death yak
 15125 | Lair:4   | Noticed a death yak
 15134 | Lair:4   | Killed a death yak
 15141 | Lair:4   | Killed a death yak
 15149 | Lair:4   | Killed a death yak
 15161 | Lair:4   | Killed a death yak
 15167 | Lair:4   | Killed a death yak
 15168 | Lair:4   | Gained mutation: You frequently emit foul miasma when
                  | damaged in melee. [demonic ancestry]
 15168 | Lair:4   | Reached XP level 13. HP: 66/101 MP: 20/20
 15384 | Lair:4   | Found a staircase to the Snake Pit.
 15655 | Lair:5   | Found a blossoming altar of Fedhas.
 15887 | Lair:5   | Got Sauvuxix's Volume of the Traveller and Snow
 15985 | Lair:5   | Found a staircase to the Slime Pits.
 16473 | Lair:5   | Bought a crude ring mail for 252 gold pieces
 16473 | Lair:5   | Identified the +3 ring mail "Zusaw" {Str+2 Dex+8 Stlth+}
                  | (You bought it in a shop on level 5 of the Lair of Beasts)
 16473 | Lair:5   | Bought a pair of slimy gloves for 266 gold pieces
 16473 | Lair:5   | Identified the +1 pair of gloves of Fun {Dex+3} (You bought
                  | it in a shop on level 5 of the Lair of Beasts)
 16587 | D:11     | Found a stormy altar of Qazlal.
 16894 | D:11     | Found a runed translucent door.
 16894 | D:11     | Noticed unlimited1921's ghost (journeyman DjFE)
 17555 | D:11     | Found a staircase to the Orcish Mines.
 17575 | D:11     | Identified the +11 chain mail "Jeptyzan" {Harm Regen+ Dex+7
                  | Stlth-}
 18218 | D:11     | Reached skill level 10 in Shields
 18398 | D:11     | Killed unlimited1921's ghost
 18706 | D:12     | Learned a level 2 spell: Blink
 18769 | D:12     | Noticed Josephine
 18791 | D:12     | Killed Josephine
 19065 | D:12     | Noticed Frances
 19085 | D:12     | Gained mutation: Armour fits poorly on your strangely
                  | shaped body. [a neqoxec]
 19090 | D:12     | Killed Frances
 19091 | D:12     | Reached skill level 10 in Fighting
 19339 | D:12     | Noticed Jorgrun
 19379 | D:12     | HP: 2/103 [constriction (4)]
 19380 | D:12     | Killed from afar by Jorgrun

Illustrated notes

Levels and vault maps discovered:
D:1:      grunt_arrival_crossed_arrows, layout_basic, basic_ecumenical_altar
D:2:      layout_loops_corners, serial_rivers, chequers_serial_rivers_large_b,
          chequers_serial_rivers_small_3, chequers_serial_rivers_room_a,
          chequers_serial_rivers_micro_b, chequers_serial_rivers_marsh,
          hangedman_feature_mirror, uniq_jessica
D:3:      layout_basic, grunt_temple_overflow_cloverleaf, portal_sewer_entry_b,
          uniq_sigmund, uniq_robin
D:4:      layout_rooms, gammafunk_temple_overflow_claw, minmay_misc_feat_five
D:5:      kennysheep_spiral_hall, layout_basic, serial_shops,
          nicolae_diamond_shop, uniq_duvessa
D:6:      layout_basic, serial_shops, shop, enter_ossuary_2
D:7:      layout_loops_corners, mainiacjoe_overflow_24_doors,
          minmay_temple_entry_junction, eino_jars
D:8:      layout_cave_pools, lair_entry_dummy, minmay_increasing_density
D:9:      layout_roguey, serial_shops, shop, kennysheep_generic_room_15
D:10:     layout_long_grid, nzn_wu_jian_council_hall, serial_glass,
          glass_columns_b, glass_columns_b, serial_park_tiny_pond, uniq_maggie
D:11:     layout_grid_maze, orc_0_dummy, hellmonk_ghost_happy_afterlife,
          grunt_qazlal_clouds
D:12:     layout_irregular_city, serial_column_ruins,
          column_ruins_square_medium, column_ruins_open_small,
          column_ruins_open_tiny, column_ruins_grid_1, uniq_jorgrun,
          uniq_frances, uniq_josephine
Lair:1:   layout_cave_pods, infiniplex_staircase_pool_2, grunt_megastairs_4,
          lemuel_fruit_tree, uniq_urug
Lair:2:   layout_chaotic_city, minmay_swamp_entry_reptiles
Lair:3:   layout_roguey
Lair:4:   layout_regular_city, minmay_snake_entry_guardpost_medium,
          lemuel_oklob_altar, grunt_megastairs_1
Lair:5:   layout_misc_corridors, minmay_slime_entry_pillars, basic_altar,
          serial_bayou_lake_a

Skill      XL: |  1  2  3  4  5  6  7  8  9 10 11 12 13 |
---------------+----------------------------------------+-----
Polearms       | 2 3 4 5 6 8 |  8.0
Fighting       | 2 4 7 8 9 10 | 10.1
Dodging        | 1 2 4 5 6 8 |  8.0
Armour         | 4 6 7 |  7.0
Slings         | 4 5 |  5.9
Conjurations   | 3 5 6 |  6.5
Spellcasting   | 4 5 |  5.0
Evocations     | 4 8 |  8.0
Shields        | 1 6 10 | 10.0
Throwing       | |  1.0
Stealth        | |  4.5

Action                   |  1- 3 |  4- 6 |  7- 9 | 10-12 | 13-15 || total
-------------------------+-------+-------+-------+-------+-------++-------
Melee: Spear             |   161 |    51 |       |       |       ||   212
       Tailslap          |    10 |     8 |    15 |     5 |    19 ||    57
       Punch             |     1 |     2 |     3 |       |       ||     6
       Short sword       |       |    26 |   129 |       |       ||   155
       Demon trident     |       |       |       |    19 |    83 ||   102
       Hunting sling     |       |       |       |       |     1 ||     1
 Fire: Hunting sling     |       |    50 |   311 |   941 |   470 ||  1772
Throw: Dart              |     1 |       |     9 |     9 |    20 ||    39
Invok: Call Merchant     |       |       |       |     1 |     1 ||     2
       Potion Petition   |       |       |       |       |     1 ||     1
Evoke: Wand              |       |       |       |     1 |       ||     1
  Use: Potion            |     2 |     3 |     4 |     6 |     3 ||    18
       Scroll            |       |     3 |    22 |     6 |     7 ||    38
 Stab: Sleeping          |    14 |     1 |     3 |       |       ||    18
       Distracted        |       |       |       |       |     1 ||     1
Armor: Robe              |    22 |    11 |    42 |       |       ||    75
       Troll leather arm |       |       |    24 |    61 |    16 ||   101
       Ring mail         |       |       |       |       |    44 ||    44
Dodge: Dodged            |    57 |    49 |   116 |   143 |   127 ||   492
Block: Kite shield       |       |       |       |       |   125 ||   125
